% Time on Ice - VANCOUVER VOODOO
Lines # - Real PCT - Wanted PCT - Time Play
Normal Forward
1 - 34% - 34% - 15:41
2 - 29% - 32% - 13:30
3 - 22% - 27% - 10:02
4 - 15% - 7% - 6:54
Normal Defense
1 - 35% - 37% - 16:22
2 - 35% - 36% - 16:19
3 - 29% - 27% - 13:26
4 - 0% - 0% - 0:00
PP Forward
1 - 45% - 50% - 5:23
2 - 55% - 50% - 6:31
PP Defense
1 - 59% - 59% - 6:58
2 - 41% - 41% - 4:56
PK Forward
1 - 31% - 50% - 0:37
2 - 69% - 50% - 1:22
PK Defense
1 - 55% - 58% - 1:05
2 - 45% - 42% - 0:54
PK3 Forward
1 - 0% - 55%
2 - 0% - 45%
PK3 Defense
1 - 0% - 60%
2 - 0% - 40%
44 Forward
1 - 0% - 50%
2 - 0% - 50%
44 Defense
1 - 0% - 50%
2 - 0% - 50%
Last Minute Offensive  - 0:00
Last Minute Defensive  - 0:00
Total
Forward - 60:00
Defense - 60:00
% Time on Ice - SASKATOON DUCKS
Lines # - Real PCT - Wanted PCT - Time Play
Normal Forward
1 - 38% - 35% - 17:20
2 - 34% - 32% - 15:27
3 - 19% - 23% - 8:49
4 - 10% - 10% - 4:31
Normal Defense
1 - 37% - 40% - 16:53
2 - 38% - 31% - 17:27
3 - 24% - 21% - 11:01
4 - 2% - 8% - 0:46
PP Forward
1 - 39% - 55% - 0:46
2 - 61% - 45% - 1:13
PP Defense
1 - 61% - 55% - 1:12
2 - 39% - 45% - 0:47
PK Forward
1 - 63% - 55% - 7:32
2 - 37% - 45% - 4:22
PK Defense
1 - 60% - 55% - 7:07
2 - 40% - 45% - 4:47
PK3 Forward
1 - 0% - 55%
2 - 0% - 45%
PK3 Defense
1 - 0% - 55%
2 - 0% - 45%
44 Forward
1 - 0% - 55%
2 - 0% - 45%
44 Defense
1 - 0% - 55%
2 - 0% - 45%
Last Minute Offensive  - 0:00
Last Minute Defensive  - 0:00
Total
Forward - 60:00
Defense - 60:00
Play-by-Play 1st period 0:01 of 1st period - Dylan Strome wins face-off versus Brayden Point in neutral zone. 1:52 of 1st period - Joe Thornton is hit by Brett Kulak and loses puck. 2:09 of 1st period - Shot by Andrew Shaw. 2:09 of 1st period - Shot Misses the Net. 2:25 of 1st period - Vladislav Namestnikov is hit by Rasmus Andersson and loses puck. 2:30 of 1st period - Shot by Vladislav Namestnikov. 2:30 of 1st period - Stopped by Carey Price without a rebound. 2:31 of 1st period - Martin Hanzal wins face-off versus Carter Verhaeghe in VANCOUVER VOODOO zone. 2:42 of 1st period - Shot by Joel Eriksson Ek. 2:42 of 1st period - Shot Hit the Post. 2:44 of 1st period - Shot by Danny DeKeyser. 2:44 of 1st period - Stopped by Cameron Talbot without a rebound. 2:45 of 1st period - Dylan Strome wins face-off versus Brayden Point in SASKATOON DUCKS zone. 3:01 of 1st period - Shot by Brayden Point. 3:01 of 1st period - Shot Misses the Net. 3:17 of 1st period - Shot by Brayden Point. 3:17 of 1st period - Stopped by Cameron Talbot without a rebound. 3:18 of 1st period - Anze Kopitar wins face-off versus Joe Thornton in SASKATOON DUCKS zone. 4:10 of 1st period - Minor Penalty to Vladislav Namestnikov for Hooking. 4:11 of 1st period - Brayden Point wins face-off versus Ryan Strome in SASKATOON DUCKS zone. 4:18 of 1st period - Shot by Cam Atkinson. 4:18 of 1st period - Shot Misses the Net. 4:20 of 1st period - Shot by Mathew Dumba. 4:20 of 1st period - Shot Misses the Net. 4:32 of 1st period - Shot by Cam Atkinson. 4:32 of 1st period - Shot Blocked by Derek Forbort. 4:34 of 1st period - Shot by Brayden Point. 4:34 of 1st period - Stopped by Cameron Talbot with a rebound. 4:36 of 1st period - Shot by Brayden Point. 4:36 of 1st period - Stopped by Cameron Talbot without a rebound. 4:37 of 1st period - Jordan Weal wins face-off versus Bryan Little in SASKATOON DUCKS zone. 4:52 of 1st period - Shot by Tomas Tatar. 4:52 of 1st period - Shot Blocked by Travis Dermott. 5:49 of 1st period - Off-side. 5:50 of 1st period - Ryan Strome wins face-off versus Brayden Point in neutral zone. 6:05 of 1st period - Shot by Brayden Point. 6:05 of 1st period - Stopped by Cameron Talbot with a rebound. 6:07 of 1st period - Shot by Magnus Paajarvi-Svensson. 6:07 of 1st period - Shot Misses the Net. 6:42 of 1st period - Shot by Andreas Athanasiou. 6:42 of 1st period - Stopped by Carey Price without a rebound. 6:43 of 1st period - Brayden Point wins face-off versus Joe Thornton in VANCOUVER VOODOO zone. 7:05 of 1st period - Joe Thornton is hit by Mathew Dumba. 7:09 of 1st period - Shot by Bryan Rust. 7:09 of 1st period - Shot Misses the Net. 7:13 of 1st period - Shot by Ondrej Palat. 7:13 of 1st period - Shot Blocked by Michael Matheson. 7:18 of 1st period - Icing by Michael Matheson. 7:19 of 1st period - Ryan Strome wins face-off versus Leo Komarov in VANCOUVER VOODOO zone. 7:58 of 1st period - Mathew Dumba is hit by Vladislav Namestnikov. 8:59 of 1st period - Icing by Victor Mete. 9:00 of 1st period - Anze Kopitar wins face-off versus Dylan Strome in SASKATOON DUCKS zone. 9:38 of 1st period - Minor Penalty to Nate Schmidt for Interference. 9:39 of 1st period - Ryan Strome wins face-off versus Tomas Tatar in SASKATOON DUCKS zone. 9:45 of 1st period - Icing by Andrew Shaw. 9:46 of 1st period - Bryan Little wins face-off versus Ryan Strome in VANCOUVER VOODOO zone. 10:04 of 1st period - Shot by Andrew Shaw. 10:04 of 1st period - Shot Misses the Net. 10:08 of 1st period - Shot by Tomas Tatar. 10:08 of 1st period - Shot Misses the Net. 11:26 of 1st period - Ryan McDonagh is hit by Andrew Shaw and loses puck. 12:57 of 1st period - Icing by Dylan Strome. 12:58 of 1st period - Bryan Little wins face-off versus Dylan Strome in SASKATOON DUCKS zone. 12:59 of 1st period - Shot by Andrew Shaw. 12:59 of 1st period - Deflect By Magnus Paajarvi-Svensson. 12:59 of 1st period - Shot Misses the Net. 13:07 of 1st period - Shot by Andreas Athanasiou. 13:07 of 1st period - Shot Misses the Net. 13:35 of 1st period - Shot by Bryan Little. 13:35 of 1st period - Stopped by Cameron Talbot without a rebound. 13:36 of 1st period - Joe Thornton wins face-off versus Brayden Point in SASKATOON DUCKS zone. 14:47 of 1st period - Shot by Anze Kopitar. 14:47 of 1st period - Stopped by Cameron Talbot without a rebound. 14:48 of 1st period - Ryan Strome wins face-off versus Magnus Paajarvi-Svensson in SASKATOON DUCKS zone. 15:04 of 1st period - Shot by Andrew Shaw. 15:04 of 1st period - Stopped by Cameron Talbot with a rebound. 15:08 of 1st period - Shot by Bryan Little. 15:08 of 1st period - Goal by Bryan Little - VANCOUVER VOODOO : 1 - SASKATOON DUCKS : 0. 15:09 of 1st period - Anze Kopitar wins face-off versus Martin Hanzal in neutral zone. 16:11 of 1st period - Icing by Vladislav Namestnikov. 16:12 of 1st period - Ryan Strome wins face-off versus Brayden Point in SASKATOON DUCKS zone. 16:42 of 1st period - Icing by Danny DeKeyser. 16:43 of 1st period - Brayden Point wins face-off versus Dylan Strome in VANCOUVER VOODOO zone. 17:22 of 1st period - Dylan Strome is hit by Danny DeKeyser and loses puck. 18:17 of 1st period - Shot by Bryan Little. 18:17 of 1st period - Stopped by Cameron Talbot without a rebound. 18:18 of 1st period - Joe Thornton wins face-off versus Rocco Grimaldi in SASKATOON DUCKS zone. 18:34 of 1st period - Icing by Rasmus Andersson. 18:35 of 1st period - Anze Kopitar wins face-off versus Ryan Strome in VANCOUVER VOODOO zone. 18:35 of 1st period - Anze Kopitar is hit by Vladislav Namestnikov. 18:55 of 1st period - Shot by Ryan Strome. 18:55 of 1st period - Stopped by Carey Price without a rebound. 18:56 of 1st period - Joe Thornton wins face-off versus Carter Verhaeghe in VANCOUVER VOODOO zone. 19:07 of 1st period - Shot by Joe Thornton. 19:07 of 1st period - Shot Blocked by Michael Matheson. 19:29 of 1st period - Shot by Joe Thornton. 19:29 of 1st period - Stopped by Carey Price without a rebound. 19:30 of 1st period - Ryan Strome wins face-off versus Bryan Little in VANCOUVER VOODOO zone. 19:30 of 1st period - Ryan Strome is hit by Danny DeKeyser. 19:34 of 1st period - Shot by Anthony Duclair. 19:34 of 1st period - Shot Misses the Net. 19:55 of 1st period - Shot by Andrew Shaw. 19:55 of 1st period - Shot Blocked by Victor Mete. 19:57 of 1st period - Shot by Shea Theodore. 19:57 of 1st period - Stopped by Cameron Talbot without a rebound. 19:58 of 1st period - Martin Hanzal wins face-off versus Anze Kopitar in SASKATOON DUCKS zone. Goals for this period are 1 for VANCOUVER VOODOO vs 0 for SASKATOON DUCKS. Shots for this period are 11 for VANCOUVER VOODOO vs 4 for SASKATOON DUCKS. 2nd period 0:01 of 2nd peri